 Dungeon Crawl Stone Soup version 0.29.1-1-gd02db6906a (webtiles) character file.

Game seed: 15683278344522396583

7 Whoops the Vexing (level 1, 0/10 HPs)
             Began as a Vampire Enchanter on Sept 16, 2022.
             Slain by a bat (1 damage)
             ... on level 1 of the Dungeon.
             The game lasted 00:00:57 (313 turns).

Whoops the Vexing (Vampire Enchanter)                Turns: 313, Time: 00:00:58

Health: 0/10       AC:  2    Str:  7    XL:     1   Next: 83%
Magic:  3/3        EV: 12    Int: 17    God:
Gold:   51         SH:  0    Dex: 14    Spells: 4/4 levels left

rFire   . . .      SeeInvis +   a - +1 dagger
rCold   + + .      Faith    .   (no shield)
rNeg    + + +      Spirit   .   b - +0 robe
rPois   ∞          Reflect  .   (no helmet)
rElec   .          Harm     .   (no cloak)
rCorr   .          Rampage  .   (no gloves)
Will    .....                   (no boots)
Stlth   +++++.....              (no amulet)
HPRegen 0.00/turn               (no ring)
MPRegen 0.08/turn               (no ring)

@: bloodless, inhibited regen
A: bloodless, fangs 3, see invisible, vampiric 1
a: Revivify


You were on level 1 of the Dungeon.
You visited 1 branch of the dungeon, and saw 1 of its levels.

You collected 51 gold pieces.

Inventory:

Hand Weapons
 a - a +1 dagger (weapon)
 h - a +0 dagger of venom
Armour
 b - a +0 robe (worn)
Scrolls
 d - 2 scrolls of identify {unknown}
 f - a scroll of magic mapping {unknown}
 g - a scroll of fear {unknown}
Potions
 c - 2 potions of invisibility
 e - a potion of brilliance {unknown}
 i - a potion of flight {unknown}


   Skills:
 - Level 1.1 Short Blades
 - Level 2.1 Dodging
 * Level 4.8 Stealth
 - Level 2.0 Spellcasting
 * Level 4.8 Hexes


You had 4 spell levels left.
You didn't know any spells.
Your spell library contained the following spells:

 Spells                   Type           Power      Damage    Failure   Level
 Confusing Touch          Hex            18%        N/A       8%          3
 Tukima's Dance           Hex            18%        N/A       8%          3
 Ensorcelled Hibernation  Hex/Ice        18%        N/A       11%         2
 Foxfire                  Conj/Fire      4%         2x1d4     19%         1
 Dazzling Flash           Conj/Hex       18%        N/A       22%         3
 Inner Flame              Hex/Fire       9%         N/A       22%         3
 Conjure Flame            Conj/Fire      1%         6-21      50%         3
 Flame Wave               Conj/Fire      1%         2d4       88%         4


Dungeon Overview and Level Annotations

Branches:
Dungeon (1/15)

Altars:


Innate Abilities, Weirdness & Mutations

You do not regenerate when monsters are visible.
You are frail without blood (-20% HP).
You can heal yourself when you bite living creatures.
You are immune to poison.
You have razor-sharp teeth.
You have supernaturally acute eyesight. (SInv)
You are afflicted with vampirism.


Message History

The bat misses you.
You barely miss the ball python. The bat hits you.
The ball python barely misses you. The ball python misses you.
You barely miss the bat.
A bat comes into view.
The bat closely misses you. The hobgoblin barely misses you.
The ball python bites you but does no damage.
The ball python barely misses you.
You closely miss the ball python.
A bat comes into view.
The ball python barely misses you. The ball python completely misses you.
The hobgoblin closely misses you. The bat closely misses you.
The ball python closely misses you. The ball python grabs you.
The ball python constricts you. The ball python closely misses you.
You barely miss the ball python. The bat hits you.
The ball python barely misses you. The ball python constricts you.
The hobgoblin hits you. The ball python closely misses you.
You escape the ball python's grasp.
The ball python attacks as you move away!
The ball python bites you.
* * * LOW HITPOINT WARNING * * *
The ball python completely misses you.
The ball python attacks as you move away!
The ball python misses you. The ball python barely misses you.
The bat closely misses you.
The ball python attacks as you move away!
The ball python closely misses you.
The ball python attacks as you move away!
The ball python closely misses you. x2; The bat hits you.
* * * LOW HITPOINT WARNING * * *
The bat misses you. The hobgoblin attacks as you move away!
The hobgoblin closely misses you. The bat hits you but does no damage.
The bat barely misses you. The bat attacks as you move away!
The bat barely misses you. The bat closely misses you. The bat hits you.
* * * LOW HITPOINT WARNING * * *
The bat barely misses you. The bat closely misses you.
The bat attacks as you move away! The bat hits you.
You die...

...........## ##.# ##..
...........# #.## ##.#
...........# #..## #...
...........# ##..# #..#
...........# ##.# #...
...#.......## #.# #... .
#..$[..SS## #.###...
#.........bg### #..##.##
##?.......#@..#####
##.##...
#.#.########.....####.#....
#... #####..).....[.. #..#
######...... #. #......
#..#..[ ##.#.## ..... #....


You could see a hobgoblin, a bat and 2 ball pythons.

Vanquished Creatures
  An endoplasm (D:1)
  2 kobolds (D:1)
  A bat (D:1)
  A frilled lizard (D:1)
  2 goblins (D:1)
7 creatures vanquished.

Notes
Turn   | Place    | Note
-------+----------+-------------------------------------------
     0 | D:1      | Whoops the Vampire Enchanter began the quest for the Orb.
     0 | D:1      | Reached XP level 1. HP: 13/13 MP: 3/3
    83 | D:1      | Found a faded altar of an unknown god.
   313 | D:1      | Slain by a bat

Illustrated notes

Levels and vault maps discovered:
D:1:      spicycebolla_arrival_clurvy, layout_rooms,
          hellmonk_ecumenical_altar_lost_god

Action                   || total
-------------------------++-------
Melee: Dagger            ||    25
 Abil: Exsanguinate      ||     1
 Stab: Sleeping          ||     3
Armor: Robe              ||     3
Dodge: Dodged            ||    33
